 Dungeon Sprint DCSS version 0.31-a0-339-gda1cbd555d (webtiles) character file.

Game seed: 14115689777829071905

18300000 Monkooky the Intangible (level 27, -5/199 HPs)
             Began as a Kobold Warper on July 20, 2023.
             Was the Champion of Makhleb.
             Killed from afar by a dread (44 damage)
             ... with damnation
             ... in the Dungeon (Sprint VIII: "Arena of Blood").
             The game lasted 00:06:51 (183 turns).

Monkooky the Intangible (Kobold Warper)              Turns: 183, Time: 00:06:52

Health: -5/199     AC:  6    Str:  9    XL:     27
Magic:  13/54      EV: 39    Int: 19    God:    Makhleb [******]
Gold:   0          SH:  0    Dex: 23    Spells: 71/80 levels left

rFire   . . .        j - +∞ Axe of Woe
rCold   . . .        (shield currently unavailable)
rNeg    . . .        b - +0 leather armour
rPois   .            (no helmet)
rElec   .            (no cloak)
rCorr   .            (no gloves)
SInv    +            (no boots)
Will    ++...        (no amulet)
Stlth   ++++         g - ring of see invisible
HPRegen 0.53/turn    (no ring)
MPRegen 0.34/turn

%: no teleportation
@: no status effects
A: small, no large weapons, nightstalker 3
0: Orb of Zot
a: Renounce Religion, Minor Destruction, Lesser Servant of Makhleb, Major
Destruction, Greater Servant of Makhleb


You were in the Dungeon.
You worshipped Makhleb.
Makhleb was exalted by your worship.
You visited 1 branch

Inventory:

Hand Weapons
 a - a +0 hand axe
 j - the +∞ Axe of Woe (weapon)
   (You found it in the Dungeon)
Missiles
 d - 7 boomerangs of dispersal
Armour
 b - a +0 leather armour (worn)
Jewellery
 g - a ring of see invisible (left hand)
 k - a +30 ring of slaying
 l - a +30 ring of slaying
 m - a +200 ring of slaying
Scrolls
 c - 2 scrolls of blinking
Potions
 e - a potion of curing
 f - a potion of heal wounds
 h - a potion of magic
 i - a potion of berserk rage


   Skills:
 O Level 27 Fighting
 O Level 27 Short Blades
 O Level 27 Long Blades
 O Level 27 Axes
 O Level 27 Maces & Flails
 O Level 27 Polearms
 O Level 27 Staves
 O Level 27 Ranged Weapons
 O Level 27 Throwing
 O Level 27 Armour
 O Level 27 Dodging
 O Level 27 Stealth
 O Level 27 Shields
 O Level 27 Unarmed Combat
 O Level 27 Spellcasting
 O Level 27 Conjurations
 O Level 27 Hexes
 O Level 27 Summonings
 O Level 27 Necromancy
 O Level 27 Translocations
 O Level 27 Transmutations
 O Level 27 Fire Magic
 O Level 27 Ice Magic
 O Level 27 Air Magic
 O Level 27 Earth Magic
 O Level 27 Poison Magic
 O Level 27 Invocations
 O Level 27 Evocations
 O Level 27 Shapeshifting


You had 71 spell levels left.
You knew the following spells:

 Your Spells              Type           Power      Damage    Failure   Level
a - Manifold Assault      Tloc           91%        N/A       0%          4
b - Vhi's Electric Charg  Tloc/Air       100%       N/A       0%          3
c - Blink                 Tloc           100%       N/A       0%          2

Your spell library contained the following spells:

 Spells                   Type           Power      Damage    Failure   Level
 Lesser Beckoning         Tloc           100%       N/A       0%          2
 Teleport Other           Tloc           91%        N/A       0%          3


Dungeon Overview and Level Annotations

Branches:
Dungeon (1/1)

Altars:
Makhleb


Innate Abilities, Weirdness & Mutations

You are small and have problems with some larger weapons.
You are completely attuned to the shadows.


Message History

You hear a shout!
The destroyer casts a spell at you.
The destroyer blinks!
You hear a shout!
A meat beast comes into view.
You hear a shout!
The eight-headed meat hydra calls on the powers of darkness!
The eight-headed meat hydra convulses!
The bag of meat convulses!
Your body is wracked with pain!
The bag of meat convulses!
The fleshlord convulses!
The eight-headed meat hydra convulses!
The meat berserker convulses! x2; The bag of meat convulses!
The wretched soul breathes negative energy at you.
The bolt of negative energy hits you!!!
You feel drained.
* * * LOW HITPOINT WARNING * * *
You hear a shout! x3
The tyrant waves its bony arms in wide circles.
The air twists around and strikes you!
* * * LOW HITPOINT WARNING * * *
You hear a shout!
Your life force feels restored.
Casting: Manifold Assault (safe; 0% risk of failure)
Press: ? - help, Q - select action, (/) - cycle Dir - look around, f - activate Space momentarily warps into an impossible shape!
You slash the bag of meat! You chop the bag of meat into pieces.
You kill the bag of meat!
Makhleb accepts your kill.
You feel better.
You slash the meat beast!
You pulverise the meat beast into a thin bloody mist.
You kill the meat beast!
Makhleb accepts your kill.
You feel better.
You hit the tyrant but do no damage.
You fatally mangle the tyrant.
You destroy the tyrant!
Makhleb accepts your kill.
You hear a shout!
The dread throws damnation at you.
The sphere of damnation explodes!
The damnation engulfs you!!!
You die...

#.. ..# ...###......WLD.
...._....WWO...p
#.....#.V..§o.#.#
#_.<._#..)).D...M
.#..)..#.O.@..#.#.
...._)......§.)o...o
...###.pW..O.§.#.#.#o
#.......###o.W§......
#...§§..#.....)§..o...
..§)°..#............#
..§)☼)...W.....)..... ..
......§☼...#...#...... #..
......)z)z#.O..#..)..##...


You could see a tyrant, 2 eight-headed meat hydras, a destroyer, 2 fleshlords, 2
dreads, 3 meat berserkers, 3 wretched souls and 3 bags of meat.

Vanquished Creatures
  Dispater (D)
  6 hell knights (D)
  9 hell beasts (D)
  A royal mummy (D)
  4 great orbs of eyes (D)
  A wraith (D)
  Harold (D)
  9 vampire knights (D)
  26 ogres (D)
  6 two-headed ogres (D)
  6 liches (D)
  2 hydras (D)
  51 orcs (D)
  4 skeletal warriors (D)
  6 sea snakes (D)
133 creatures vanquished.

Notes
Turn   | Place    | Note
-------+----------+-------------------------------------------
     0 | D        | Found the +∞ Axe of Woe
     0 | D        | Monkooky the Kobold Warper began the quest for the Orb.
     0 | D        | Reached XP level 1. HP: 12/12 MP: 3/3
     3 | D        | Became a worshipper of Makhleb the Destroyer
     4 | D        | Noticed a bag of meat
     5 | D        | Noticed a meat berserker
     7 | D        | Killed a meat berserker
     7 | D        | Killed a bag of meat
     7 | D        | Reached * piety under Makhleb
     8 | D        | Reached XP level 2. HP: 17/17 MP: 5/5
     8 | D        | Reached XP level 3. HP: 21/21 MP: 6/6
     8 | D        | Reached XP level 4. HP: 26/26 MP: 7/7
     8 | D        | Reached XP level 5. HP: 30/30 MP: 8/8
     8 | D        | Reached XP level 6. HP: 35/35 MP: 9/9
     8 | D        | Reached XP level 7. HP: 40/40 MP: 10/10
     8 | D        | Reached XP level 8. HP: 44/44 MP: 11/11
     8 | D        | Reached XP level 9. HP: 48/48 MP: 12/12
     8 | D        | Reached XP level 10. HP: 53/53 MP: 13/13
     8 | D        | Reached XP level 11. HP: 57/57 MP: 14/14
     8 | D        | Reached XP level 12. HP: 62/62 MP: 15/15
     8 | D        | Reached XP level 13. HP: 66/66 MP: 16/16
    10 | D        | Noticed a meat berserker
    13 | D        | Killed a meat berserker
    13 | D        | Noticed a bag of meat
    13 | D        | Noticed a bag of meat
    14 | D        | Reached XP level 14. HP: 72/72 MP: 16/24
    14 | D        | Noticed a bag of meat
    14 | D        | Noticed a bag of meat
    14 | D        | Noticed a large bag of meat
    15 | D        | Noticed a bag of meat
    15 | D        | Noticed a bag of meat
    16 | D        | Killed a bag of meat
    16 | D        | Killed a bag of meat
    16 | D        | Reached ** piety under Makhleb
    17 | D        | Killed a bag of meat
    17 | D        | Noticed a meat berserker
    18 | D        | Reached skill level 15 in Fighting
    18 | D        | Reached XP level 15. HP: 104/104 MP: 16/25
    19 | D        | Killed a large bag of meat
    19 | D        | Reached *** piety under Makhleb
    20 | D        | Killed a meat berserker
    20 | D        | Reached **** piety under Makhleb
    21 | D        | Reached XP level 16. HP: 114/130 MP: 17/26
    21 | D        | Noticed a meat berserker
    23 | D        | Killed a meat berserker
    24 | D        | Reached skill level 27 in Fighting
    24 | D        | Reached skill level 27 in Dodging
    24 | D        | Reached XP level 17. HP: 139/139 MP: 17/30
    24 | D        | Noticed a meat berserker
    26 | D        | Noticed a meat berserker
    27 | D        | Killed a meat berserker
    27 | D        | Noticed a large bag of meat
    28 | D        | Reached skill level 27 in Axes
    28 | D        | Killed a large bag of meat
    28 | D        | Reached ***** piety under Makhleb
    28 | D        | Noticed a meat berserker
    28 | D        | Noticed a meat berserker
    29 | D        | Reached skill level 27 in Invocations
    29 | D        | Reached XP level 18. HP: 132/145 MP: 18/35
    29 | D        | Killed a meat berserker
    30 | D        | Reached skill level 27 in Stealth
    30 | D        | Noticed a sculptor of flesh
    31 | D        | Reached XP level 19. HP: 151/151 MP: 18/36
    31 | D        | Noticed a sculptor of flesh
    31 | D        | Noticed a meat berserker
    33 | D        | Reached skill level 5 in Armour
    34 | D        | Reached skill level 5 in Throwing
    34 | D        | Killed a meat berserker
    34 | D        | Reached ****** piety under Makhleb
    34 | D        | Noticed a large bag of meat
    35 | D        | Reached skill level 27 in Translocations
    35 | D        | Killed a meat berserker
    36 | D        | Reached XP level 20. HP: 157/157 MP: 18/37
    36 | D        | Killed a meat berserker
    48 | D        | Reached XP level 21. HP: 163/163 MP: 20/38
    49 | D        | Killed a large bag of meat
    50 | D        | Reached skill level 27 in Throwing
    52 | D        | Reached skill level 27 in Armour
    57 | D        | Reached XP level 22. HP: 161/169 MP: 21/39
    65 | D        | Learned a level 4 spell: Manifold Assault
    69 | D        | Learned a level 3 spell: Vhi's Electric Charge
    71 | D        | Noticed a meat berserker
    72 | D        | Learned a level 2 spell: Blink
    76 | D        | Killed a meat berserker
    77 | D        | Reached skill level 27 in Unarmed Combat
    77 | D        | Noticed a large bag of meat
    82 | D        | Killed a large bag of meat
    83 | D        | Reached skill level 15 in Spellcasting
    84 | D        | Noticed a destroyer
    87 | D        | Noticed a meat beast
    90 | D        | Killed a meat beast
    91 | D        | Reached skill level 27 in Spellcasting
    91 | D        | Reached XP level 23. HP: 175/175 MP: 27/54
    92 | D        | Noticed a tyrant
    94 | D        | Reached skill level 5 in Long Blades
    94 | D        | Reached skill level 5 in Maces & Flails
    94 | D        | Reached skill level 5 in Polearms
    94 | D        | Reached skill level 5 in Staves
    94 | D        | Reached skill level 5 in Shields
    94 | D        | Reached skill level 5 in Shapeshifting
    94 | D        | Noticed a destroyer
    95 | D        | Noticed a meat beast
    95 | D        | Killed a destroyer
    96 | D        | Reached skill level 10 in Short Blades
    96 | D        | Reached skill level 10 in Ranged Weapons
    96 | D        | Reached skill level 10 in Evocations
    96 | D        | Reached XP level 24. HP: 181/181 MP: 29/54
    96 | D        | Killed a destroyer
    96 | D        | Noticed an accursed
    97 | D        | Reached skill level 10 in Summonings
    97 | D        | Reached skill level 10 in Earth Magic
    97 | D        | Reached skill level 10 in Poison Magic
    97 | D        | Killed a meat beast
    97 | D        | Noticed a meat beast
    97 | D        | Noticed a meat beast
    98 | D        | Reached skill level 15 in Short Blades
    98 | D        | Reached skill level 10 in Long Blades
    98 | D        | Reached skill level 10 in Polearms
    98 | D        | Reached skill level 15 in Ranged Weapons
    98 | D        | Reached skill level 10 in Shields
    98 | D        | Reached skill level 15 in Evocations
    98 | D        | Reached XP level 25. HP: 154/187 MP: 29/54
    98 | D        | Killed a tyrant
    98 | D        | Noticed a tyrant
    99 | D        | Killed a meat beast
    99 | D        | Killed a meat beast
   100 | D        | Reached skill level 27 in Air Magic
   100 | D        | Reached XP level 26. HP: 193/193 MP: 27/54
   100 | D        | Reached XP level 27. HP: 199/199 MP: 27/54
   100 | D        | Killed an accursed
   100 | D        | Killed a tyrant
   101 | D        | Reached skill level 15 in Maces & Flails
   101 | D        | Reached skill level 15 in Staves
   101 | D        | Reached skill level 15 in Shapeshifting
   101 | D        | Noticed a destroyer
   107 | D        | Noticed a meat beast
   108 | D        | Killed a meat beast
   114 | D        | Noticed a fleshlord
   114 | D        | Noticed a fleshlord
   114 | D        | Killed a fleshlord
   114 | D        | Killed a fleshlord
   115 | D        | Reached skill level 27 in Short Blades
   115 | D        | Reached skill level 27 in Ranged Weapons
   115 | D        | Reached skill level 27 in Evocations
   117 | D        | Noticed a destroyer
   118 | D        | Killed a destroyer
   119 | D        | Reached skill level 27 in Summonings
   119 | D        | Reached skill level 27 in Earth Magic
   119 | D        | Reached skill level 27 in Poison Magic
   119 | D        | Noticed a fleshlord
   119 | D        | Noticed a meat beast
   120 | D        | Killed a fleshlord
   121 | D        | Reached skill level 27 in Long Blades
   121 | D        | Reached skill level 27 in Maces & Flails
   121 | D        | Reached skill level 27 in Polearms
   121 | D        | Reached skill level 27 in Staves
   121 | D        | Reached skill level 27 in Shields
   121 | D        | Reached skill level 27 in Conjurations
   121 | D        | Reached skill level 27 in Hexes
   121 | D        | Reached skill level 27 in Necromancy
   121 | D        | Reached skill level 27 in Transmutations
   121 | D        | Reached skill level 27 in Fire Magic
   121 | D        | Reached skill level 27 in Ice Magic
   121 | D        | Reached skill level 27 in Shapeshifting
   121 | D        | Noticed a fleshlord
   122 | D        | Noticed a fleshlord
   123 | D        | Killed a fleshlord
   124 | D        | Noticed a tyrant
   124 | D        | Noticed a destroyer
   124 | D        | Noticed a tyrant
   124 | D        | Noticed a large bag of meat
   124 | D        | Noticed a destroyer
   125 | D        | Killed a meat beast
   126 | D        | Killed a destroyer
   127 | D        | Killed a tyrant
   127 | D        | Killed a destroyer
   127 | D        | Killed a tyrant
   132 | D        | Noticed a large bag of meat
   132 | D        | Noticed The Servant
   132 | D        | Noticed a meat beast
   134 | D        | Killed a large bag of meat
   137 | D        | Killed The Servant
   143 | D        | Noticed a fleshlord
   145 | D        | Killed a meat beast
   145 | D        | Noticed a meat beast
   145 | D        | Noticed a tyrant
   146 | D        | Killed a fleshlord
   146 | D        | Killed a tyrant
   147 | D        | Noticed a destroyer
   148 | D        | Killed a meat beast
   150 | D        | Killed a destroyer
   150 | D        | Noticed a destroyer
   151 | D        | Killed a large bag of meat
   155 | D        | Killed a destroyer
   156 | D        | Killed a destroyer
   156 | D        | Noticed a dread
   159 | D        | Killed a dread
   160 | D        | Noticed a destroyer
   164 | D        | Killed a destroyer
   170 | D        | Noticed a fleshlord
   178 | D        | Killed a fleshlord
   178 | D        | Noticed The Meatlord
   179 | D        | Killed The Meatlord
   180 | D        | Got the Orb of Zot
   181 | D        | Noticed a destroyer
   181 | D        | Noticed an accursed
   182 | D        | Noticed a fleshlord
   182 | D        | Noticed a fleshlord
   182 | D        | Noticed a tyrant
   182 | D        | Noticed a dread
   182 | D        | Noticed a dread
   182 | D        | Noticed a tyrant
   182 | D        | Noticed a meat beast
   182 | D        | HP: 2/180 [tyrant/the air (16)]
   183 | D        | Killed a meat beast
   183 | D        | Killed a tyrant
   183 | D        | Killed from afar by a dread

Illustrated notes

Levels and vault maps discovered:
D:        meatsprint

Skill      XL: |  1  2  3  4  5  6  7  8  9 10 11 12 13 14 15 16 17 18 19 20 21 22 23 24 25 26 27 |
---------------+----------------------------------------------------------------------------------+-----
Axes           | 26 27 | 27.0
Stealth        | 17 26 27 | 27.0
Invocations    | 13 18 27 | 27.0
Fighting       | 15 25 27 | 27.0
Dodging        | 16 25 27 | 27.0
Throwing       | 4 13 24 27 | 27.0
Armour         | 4 13 23 27 | 27.0
Translocations | 19 27 | 27.0
Unarmed Combat | 21 27 | 27.0
Spellcasting   | 27 | 27.0
Short Blades   | 10 15 27 | 27.0
Long Blades    | 6 10 27 | 27.0
Maces & Flails | 7 11 27 | 27.0
Polearms       | 6 10 27 | 27.0
Staves         | 7 11 27 | 27.0
Ranged Weapons | 10 15 27 | 27.0
Shields        | 6 10 27 | 27.0
Conjurations   | 8 12 27 | 27.0
Hexes          | 8 12 27 | 27.0
Summonings     | 8 13 27 | 27.0
Necromancy     | 8 12 27 | 27.0
Transmutations | 8 12 27 | 27.0
Fire Magic     | 8 12 27 | 27.0
Ice Magic      | 8 12 27 | 27.0
Air Magic      | 8 12 27 | 27.0
Earth Magic    | 8 13 27 | 27.0
Poison Magic   | 8 13 27 | 27.0
Evocations     | 10 15 27 | 27.0
Shapeshifting  | 7 11 27 | 27.0

Action                     |  1- 3 |  4- 6 |  7- 9 | 10-12 | 13-15 | 16-18 | 19-21 | 22-24 | 25-27 || total
---------------------------+-------+-------+-------+-------+-------+-------+-------+-------+-------++-------
  Melee: Broad axe         |     1 |       |       |       |     5 |     5 |    14 |    10 |    73 ||   108
   Cast: Vhi's Electric Ch |       |       |       |       |       |       |       |       |     4 ||     4
         Manifold Assault  |       |       |       |       |       |       |       |       |    14 ||    14
 Invoke: Greater Servant o |       |       |       |       |       |       |     3 |       |       ||     3
    Use: Potion            |       |       |       |       |     1 |       |       |       |     1 ||     2
   Stab: Distracted        |       |       |       |       |       |       |       |       |     1 ||     1
  Dodge: Dodged            |       |       |       |       |       |       |       |     1 |     8 ||     9

Table legend: (Time is in decaauts)
 A = Elapsed time spent in this place.
 B = Non-inter-level travel time spent in this place.
 C = Inter-level travel time spent in this place.
 D = Time resting spent in this place.
 E = Time spent auto-exploring this place.
 F = Levels seen in this place.
 G = Mean time per level.
                   A        B        C        D        E       F      G
               +--------+--------+--------+--------+--------+-----+--------+
         Total |    149 |    149 |      0 |      3 |      0 |   1 |  149.0 |
       Dungeon |    149 |    149 |      0 |      3 |      0 |   1 |  149.0 |
               +--------+--------+--------+--------+--------+-----+--------+

Top non-repeatable levels by time:
       D: 149 daAuts
